 Dungeon Crawl Stone Soup version 0.29-a0-504-gec6baf379c (webtiles) character file.

Game seed: 13317801383518672053

1393 Bruhh the Magician (level 9, -2/66 HPs)
             Began as a Djinni Fire Elementalist on May 28, 2022.
             Was an Initiate of Fedhas.
             Slain by a six-headed hydra (8 damage)
             ... on level 7 of the Dungeon.
             The game lasted 00:07:24 (8637 turns).

Bruhh the Magician (Djinni Fire Elementalist)       Turns: 8637, Time: 00:07:25

Health: -2/66      AC:  2    Str:  7    XL:     9   Next: 0%
Gold:   349        EV: 12    Int: 21    God:    Fedhas [......] SH:  0 Dex: 14

rFire   + + .      SeeInvis .   v - +0 short sword (venom)
rCold   x . .      Faith    .   (no shield)
rNeg    . . .      Spirit   .   a - +0 robe
rPois   ∞          Reflect  .   (no helmet)
rElec   .          Harm     .   (no cloak)
rCorr   .          Rampage  .   (no gloves)
Will    .....                   (boots unavailable)
Stlth   ++........              (no amulet)
HPRegen 0.21/turn               (no ring)
MPRegen 0.00/turn               (no ring)

@: flying
A: sickness immunity, fire resistance 2, cold vulnerability 1, float, innate
caster, HP casting, extra vitality 1
a: Renounce Religion


You were on level 7 of the Dungeon.
You worshipped Fedhas.
Fedhas was noncommittal.
You visited 2 branches of the dungeon, and saw 8 of its levels.

You collected 349 gold pieces.

Inventory:

Hand Weapons
 v - a +0 short sword of venom (weapon)
Armour
 a - a +0 robe (worn)
Jewellery
 q - a ring of ice
Wands
 k - a wand of flame (18)
 l - a wand of mindburst (13)
 t - a wand of acid (9)
Scrolls
 b - a scroll of poison {unknown}
 c - 5 scrolls of identify {unknown}
 g - 3 scrolls of teleportation {unknown}
 h - a scroll of silence {unknown}
 j - a scroll of noise {unknown}
 n - a scroll of torment {unknown}
 o - a scroll of brand weapon {unknown}
 p - a scroll of immolation {unknown}
 r - a scroll of blinking {unknown}
 s - a scroll of amnesia {unknown}
 w - a scroll of enchant armour {unknown}
Potions
 d - 3 potions of mutation {unknown}
 e - 4 potions of heal wounds
 f - a potion of magic {unknown}
 i - 6 potions of curing {unknown}
 m - a potion of haste {unknown}
 u - a potion of resistance {unknown}
 x - a potion of brilliance {unknown}
 z - a potion of lignification {unknown}


   Skills:
 + Level 6.1 Fighting
 - Level 2.1 Dodging
 - Level 1.5 Stealth
 + Level 6.8 Spellcasting


You couldn't memorise any spells.
You knew the following spells:

 Your Spells              Type           Power      Damage    Failure   Level
a - Foxfire               Conj/Fire      100%       2x1d9     1%          1
b - Scorch                Fire           70%        2d8       1%          2
c - Conjure Flame         Conj/Fire      35%        6-21      1%          3
d - Inner Flame           Hex/Fire       35%        N/A       1%          3
e - Flame Wave            Conj/Fire      35%        2d8       5%          4
f - Beastly Appendage     Tmut           70%        N/A       1%          1
g - Passwall              Tmut/Erth      29%        N/A       1%          2
h - Portal Projectile     Hex/Tloc       70%        N/A       1%          3
i - Ozocubu's Armour      Ice            35%        N/A       1%          3
Your spell library was empty.

Dungeon Overview and Level Annotations

Branches:
Dungeon (7/15)             Temple (1/1) D:6

Altars:
Ashenzari
Dithmenos
Fedhas
Gozag
Hepliaklqana
Kikubaaqudgha
Makhleb
Nemelex Xobeh
Qazlal
Ru
Sif Muna
Trog
Vehumet
Wu Jian
Xom
Yredelemnul

Annotations:
D:2 1 runed translucent door, Crazy Yiuf


Innate Abilities, Weirdness & Mutations

You are immune to sickness and miasma.
You are immune to poison.
Your flesh is very heat resistant. (rF++)
You are vulnerable to cold. (rC-)
You float through the air rather than walking.
You learn spells naturally, not from books.
Your magical power is your life essence.
You have superior vitality. (+4 MHP)


Message History

Press: ? - help, Dir - move target, f/p - six-headed hydra
Aim: a six-headed hydra (chance to affect: 59%)
The six-headed hydra resists with significant effort.
Casting: Inner Flame (safe; 1% risk of failure)
Confirm with . or Enter, or press ? or * to list all spells.
Aiming: Inner Flame (safe; 1% risk of failure)
Press: ? - help, Dir - move target, f/p - six-headed hydra
Aim: a six-headed hydra (chance to affect: 59%)
The six-headed hydra is filled with an intense inner flame!
Casting: Inner Flame (safe; 1% risk of failure)
Confirm with . or Enter, or press ? or * to list all spells.
Flames lash the six-headed hydra.
Flame seeps out of the six-headed hydra.
The six-headed hydra is lightly wounded.
The six-headed hydra's fire resistance burns away.
The six-headed hydra is engulfed in blazing flames.
Flame seeps out of the six-headed hydra.
Casting: Scorch (safe; 1% risk of failure)
Confirm with . or Enter, or press ? or * to list all spells.
Flames lash the six-headed hydra.
The six-headed hydra is burned terribly!
Flame seeps out of the six-headed hydra.
The six-headed hydra is heavily wounded.
The six-headed hydra is engulfed in blazing flames.
Flame seeps out of the six-headed hydra.
The six-headed hydra closely misses you.
The six-headed hydra bites you!
The six-headed hydra closely misses you.
The six-headed hydra bites you! The six-headed hydra bites you.
The six-headed hydra bites you!
* * * LOW HITPOINT WARNING * * *
The six-headed hydra attacks as you move away!
The six-headed hydra barely misses you. The six-headed hydra bites you.
* * * LOW HITPOINT WARNING * * *
The six-headed hydra bites you but does no damage.
The six-headed hydra bites you.
* * * LOW HITPOINT WARNING * * *
The six-headed hydra bites you!
You die...
Fedhas appreciates your contribution to the ecosystem.

#.. # #.#
.#####.# ......#
# ###.##.# ##.#
#......# ....#
#......#.....#
####.....@D°.....
#........#..(....
####.....#..>....
###..##....?..
#..# .#...#. #..#
.##### #####..#
.#
#......##.####.
#.###..<.......


You could see a six-headed hydra (inner flame, combustible).

Vanquished Creatures
  Prince Ribbit (D:6)
  An ice beast (D:6)
  A sky beast (D:6)
  A centaur (D:6)
  A phantom (D:5)
  A kobold brigand (D:6)
  2 scorpions
  A necrophage (D:5)
  A vampire bat (D:3)
  A howler monkey (D:6)
  2 hounds
  An orc priest (D:6)
  Terence (D:2)
  5 iguanas
  2 orc wizards
  Robin (D:4)
  12 adders
  An ufetubus (D:5)
  4 worms
  2 dart slugs
  9 orcs
  5 ball pythons
  2 bats (D:2)
  4 bat skeletons (D:3)
  2 bat zombies (D:3)
  6 endoplasms
  2 giant cockroaches
  15 goblins
  9 hobgoblins
  8 jackals
  10 kobolds
  3 quokkas
  2 frilled lizards
  6 rats
125 creatures vanquished.

Vanquished Creatures (others)
  41 foxfires (D:1)
41 creatures vanquished.

Grand Total: 166 creatures vanquished

Notes
Turn   | Place    | Note
-------+----------+-------------------------------------------
     0 | D:1      | Bruhh the Djinni Fire Elementalist began the quest for the
                  | Orb.
     0 | D:1      | Reached XP level 1. HP: 15/15 MP: 0/0
   614 | D:1      | Reached XP level 2. HP: 19/21 MP: 0/0
  1588 | D:2      | Reached XP level 3. HP: 19/25 MP: 0/0
  1588 | D:2      | Learned a level 1 spell: Beastly Appendage
  2218 | D:2      | Found a faded altar of an unknown god.
  2445 | D:2      | Noticed Terence
  2454 | D:2      | Killed Terence
  2455 | D:2      | Reached XP level 4. HP: 2/31 MP: 0/0
  3016 | D:2      | Found a runed translucent door.
  3017 | D:2      | Noticed Crazy Yiuf
  3246 | D:3      | Found an opulent altar of Gozag.
  3303 | D:3      | Found a hazy altar of Hepliaklqana.
  3313 | D:3      | Reached XP level 5. HP: 25/35 MP: 0/0
  3313 | D:3      | Learned a level 2 spell: Passwall
  4308 | D:3      | Found a sparkling altar of Nemelex Xobeh.
  4409 | D:4      | Reached skill level 1 in Fighting
  4409 | D:4      | Reached XP level 6. HP: 27/42 MP: 0/0
  4566 | D:4      | Reached skill level 5 in Spellcasting
  5068 | D:4      | Noticed Robin
  5080 | D:4      | Killed Robin
  5413 | D:4      | Reached XP level 7. HP: 47/49 MP: 0/0
  5413 | D:4      | Learned a level 3 spell: Portal Projectile
  5638 | D:5      | Entered Level 5 of the Dungeon
  5820 | D:5      | Found a stormy altar of Qazlal.
  6420 | D:5      | Found a sacrificial altar of Ru.
  6572 | D:5      | Reached XP level 8. HP: 54/58 MP: 0/0
  7011 | D:6      | Found a blossoming altar of Fedhas.
  7306 | D:6      | Reached skill level 5 in Fighting
  7578 | D:6      | Found a staircase to the Ecumenical Temple.
  7595 | Temple   | Entered the Ecumenical Temple
  8326 | D:6      | Noticed Prince Ribbit
  8331 | D:6      | Killed Prince Ribbit
  8332 | D:6      | Reached XP level 9. HP: 31/66 MP: 0/0
  8332 | D:6      | Learned a level 3 spell: Ozocubu's Armour
  8606 | D:6      | Became a worshipper of Fedhas Madash
  8630 | D:7      | Noticed a six-headed hydra
  8637 | D:7      | Slain by a six-headed hydra

Illustrated notes

Levels and vault maps discovered:
D:1:      dpeg_arrival_connections, layout_basic
D:2:      layout_loops_ring, hellmonk_ecumenical_altar_run_dry, serial_rivers,
          chequers_serial_rivers_room_b, chequers_serial_rivers_room_b,
          chequers_serial_rivers_micro_b, chequers_serial_rivers_room_a,
          chequers_serial_rivers_small_b, chequers_serial_rivers_small_b,
          st_stairs_10, uniq_terence, uniq_crazy_yiuf_cottage
D:3:      layout_loops_cross, nicolae_gozag_cash_rules_everything_around_me,
          kennysheep_vampire_church, mainiacjoe_overflow_large_starburst,
          serial_glass, glass_columns_a, glass_columns_a
D:4:      layout_cave_pools, serial_park_tiny_pond, kennysheep_cross_bottleneck,
          st_stairs_8, uniq_robin
D:5:      layout_loops_corners, nicolae_ru_great_annihilating_truth,
          nicolae_qazlal_eye_of_the_storm, serial_glass, glass_columns_a,
          glass_columns_a
D:6:      layout_loops_ring, overflow_temple_1_default,
          minmay_temple_entry_statues_fountains, chequers_serial_rivers_large_a,
          corexii_corridor_pit, supply_closet_lemuel, uniq_prince_ribbit1
D:7:      layout_loops_ring, dreamdust_divine_triumvirate, okawaru_humans,
          slow_altar_2, mainiacjoe_overflow_cross_hatched, uniq_menkaure
Temple:   nicolae_temple_figure_zero

Skill      XL: |  1  2  3  4  5  6  7  8 |
---------------+-------------------------+-----
Spellcasting   | 3 4 5 6 |  6.8
Fighting       | 1 2 4 6 |  6.1
Dodging        | |  2.1
Stealth        | |  1.5

Action                   |  1- 3 |  4- 6 |  7- 9 || total
-------------------------+-------+-------+-------++-------
Melee: Unarmed           |     2 |     2 |     1 ||     5
       Short sword       |       |       |     1 ||     1
 Cast: Foxfire           |    25 |       |       ||    25
       Scorch            |    32 |    72 |    89 ||   193
       Inner Flame       |       |     5 |     3 ||     8
       Conjure Flame     |       |     1 |       ||     1
  Use: Potion            |       |     1 |       ||     1
Armor: Robe              |    11 |     5 |     7 ||    23
Dodge: Dodged            |    16 |    18 |    19 ||    53

Table legend: (Time is in decaauts)
 A = Elapsed time spent in this place.
 B = Non-inter-level travel time spent in this place.
 C = Inter-level travel time spent in this place.
 D = Time resting spent in this place.
 E = Time spent auto-exploring this place.
 F = Levels seen in this place.
 G = Mean time per level.
                   A        B        C        D        E       F      G
               +--------+--------+--------+--------+--------+-----+--------+
         Total |   8635 |   8393 |    242 |      0 |   7728 |   8 | 1079.4 |
       Dungeon |   8511 |   8278 |    233 |      0 |   7616 |   7 | 1215.9 |
        Temple |    123 |    114 |      9 |      0 |    112 |   1 |  123.0 |
               +--------+--------+--------+--------+--------+-----+--------+

Top non-repeatable levels by time:
     D:1: 1583 daAuts
     D:6: 1494 daAuts
     D:2: 1490 daAuts
     D:5: 1357 daAuts
     D:3: 1327 daAuts
     D:4: 1235 daAuts
  Temple: 123 daAuts
     D:7: 21 daAuts
